AoeStats
← joosephy

Black Forest

507728659Analyzed
2v2 RM · 14d ago on Sep 19, 2026· 35m 17s· 4 players
Game mode
Random Map
Map size
Medium (4 player)
Population
200
Speed
Normal
Resources
Standard
Victory
Conquest
Starting age
Dark Age
Ending age
Imperial Age
RankedLock teamsTeams togetherTeam positionsShared explorationLock speedFull tech treeHidden civsTurbo modeCheats
Victory
Defeat
🇨🇿 Turks · Czechia
1782
+9
🇨🇿 Khmer · Czechia
1780
+10
🇬🇧 Koreans · United Kingdom
1678
-11
🇹🇼 Burgundians · Taiwan
1585
-8
willdbeast
1:44 Loom
11:00 Feudal Age
14:49 Castle Age
12:43 Loom
13:19 Double-Bit Axe
13:53 Gold Mining
14:49 Horse Collar
16:21 Fletching
20:53 Bow Saw
23:40 Bodkin Arrow
23:59 Fortified Wall
25:20 Devotion
31:19 Imperial Age
32:13 Bracer
33:53 Chemistry
34:11 Ballistics
33:38 Town Watch
34:29 Wheelbarrow
35:49 Husbandry
joosephy
5:21 Double-Bit Axe
10:21 Feudal Age
11:49 Loom
14:45 Castle Age
13:00 Horse Collar
16:46 Bow Saw
20:55 Wheelbarrow
20:33 Gold Mining
28:31 Imperial Age
26:40 Scale Barding Armor
26:07 Cavalier
27:23 Forging
29:47 Chain Barding Armor
30:01 Hand Cart
30:36 Iron Casting
31:16 Conscription
32:14 Hand Cart
32:14 Paladin
35:13 Fletching
36:00 Plate Barding Armor
36:25 Blast Furnace
Skull
6:40 Loom
12:04 Feudal Age
12:59 Double-Bit Axe
12:55 Horse Collar
13:06 Gold Mining
15:47 Castle Age
17:12 Loom
22:17 Imperial Age
Nasup
2:46 Loom
11:56 Feudal Age
15:25 Castle Age
14:39 Double-Bit Axe
16:52 Horse Collar
24:35 Heavy Plow
25:43 Wheelbarrow
26:10 Stone Mining
26:31 Bow Saw
30:07 Imperial Age
28:10 Gold Mining
28:43 Bloodlines
29:13 Husbandry
29:19 Scale Barding Armor
29:25 Forging
29:45 Hand Cart
29:51 Hand Cart
30:16 Gold Shaft Mining
30:57 Chain Barding Armor
31:19 Conscription
30:56 Elite Battle Elephant
32:44 Plate Barding Armor
33:28 Iron Casting
33:09 Caravan
33:41 Tusk Swords
35:41 Blast Furnace
Connection lost

Rejoining the realm…

Still unreachable

The connection could not be restored.

Session expired

The server has moved on; the page needs a fresh start.